 Dungeon Crawl Stone Soup version 0.27.0-1-g7a089689b8 (webtiles) character file.

Game seed: 7207897943897847844

186 Spectrina the Slasher (level 5, 0/34 HPs)
             Began as a Vampire Warper on Aug 16, 2021.
             Was a Plaything of Xom.
             Slain by an ice beast (12 damage)
             ... on level 4 of the Dungeon.
             The game lasted 00:09:30 (952 turns).

Spectrina the Slasher (Vampire Warper)               Turns: 952, Time: 00:09:32

Health: 0/34       AC:  7    Str: 11    XL:     5   Next: 38%
Magic:  8/8        EV: 11    Int: 15    God:    Xom [*.....]
Gold:   109        SH:  3    Dex: 14    Spells: 8/8 levels left

rFire    . . .     SeeInvis +   a - +0 falchion
rCold    . . .     Faith    .   k - +0 buckler {AC+3}
rNeg     . . .     Spirit   .   b - +0 leather armour
rPois    .         Reflect  .   (no helmet)
rElec    .         Harm     .   (no cloak)
rCorr    .         Rampage  .   (no gloves)
Will     .....                  l - +0 pair of boots
Stlth    +.........             (no amulet)
HPRegen  0.31/turn              (no ring)
MPRegen  0.11/turn              (no ring)

@: healing quickly
A: alive, fangs 3, see invisible, vampiric 2, [frail 1]
a: Exsanguinate, Renounce Religion


You were on level 4 of the Dungeon.
You worshipped Xom.
You were a special plaything of Xom.
You visited 1 branch of the dungeon, and saw 5 of its levels.

You collected 109 gold pieces.

Inventory:

Hand Weapons
 a - a +0 falchion (weapon)
 r - a +0 dagger
Missiles
 d - 5 boomerangs of dispersal
 e - 72 stones
 h - 5 boomerangs (quivered)
 n - 15 arrows
 o - 20 sling bullets
Armour
 b - a +0 leather armour (worn)
 k - a +0 buckler of protection (worn)
 l - a +0 pair of boots (worn)
Scrolls
 c - a scroll of blinking
 g - a scroll of identify
 m - a scroll of summoning {unknown}
Potions
 f - a potion of flight
 i - a potion of brilliance {unknown}
 j - a potion of mutation {unknown}
 p - a potion of invisibility {unknown}
 q - a potion of might {unknown}
 s - a potion of attraction {unknown}


   Skills:
 - Level 1.7 Fighting
 + Level 5.7 Long Blades
 - Level 0.7 Throwing
 - Level 0.7 Armour
 - Level 2.1 Dodging
 - Level 2.0 Spellcasting
 - Level 2.4 Translocations


You had 8 spell levels left.
You didn't know any spells.
Your spell library contained the following spells:

 Spells                   Type           Power      Damage    Failure   Level
 Blink                    Tloc           N/A        N/A       28%         2
 Beastly Appendage        Tmut           2%         N/A       43%         1
 Gell's Gravitas          Tloc           4%         N/A       50%         3
 Lesser Beckoning         Tloc           4%         N/A       50%         3
 Teleport Other           Tloc           8%         N/A       50%         3
 Wereblood                Tmut           1%         N/A       58%         2
 Spider Form              Tmut/Pois      0%         N/A       82%         3
 Manifold Assault         Tloc           8%         N/A       99%         5


Dungeon Overview and Level Annotations

Branches:
Dungeon (5/15)             Temple (0/1) D:4

Altars:
Ashenzari
Gozag
Kikubaaqudgha
Okawaru
Xom

Annotations:
D:5 Blork the orc


Innate Abilities, Weirdness & Mutations

Your natural rate of healing is accelerated.
You have razor-sharp teeth.
You have supernaturally acute eyesight. (SInv)
You are afflicted with vampirism and can become a bat while bloodless.
[You are frail. (-10% HP)]


Message History

The phantom is moderately damaged.
The endoplasm hits you.
You strike the helpless phantom from behind!
You hit the phantom.
The phantom is moderately damaged.
The endoplasm hits you but does no damage.
The phantom misses you.
You catch the helpless phantom completely off-guard!
You hit the phantom. Your bite misses the phantom.
The phantom is moderately damaged.
You block the endoplasm's attack. The endoplasm freezes you.
You are frozen.
The phantom hits you but does no damage.
You hit the phantom. Your bite misses the phantom.
The phantom is heavily damaged. "Just a minor improvement..."
You block the endoplasm's attack.
Unknown command.
You hit the phantom but do no damage.
The phantom is heavily damaged.
The endoplasm hits you but does no damage.
The phantom hits you but does no damage.
You hit the phantom but do no damage.
The phantom is moderately damaged.
The endoplasm barely misses you. The phantom misses you.
The endoplasm hits you but does no damage.
You hit the ice beast but do no damage.
You bite the ice beast, but do no damage.
The phantom seems less confused.
The phantom hits you but does no damage.
The endoplasm freezes you.
You are frozen.
You hit the ice beast. You bite the ice beast.
The ice beast is lightly wounded.
The ice beast seems less confused.
The phantom hits you but does no damage.
The ice beast hits you. The ice beast freezes you!
You die...
Xom is highly amused!

..####..# _.
#>..##
........# Y.
#....#
###.....# .#
#### ##...#
##_.<.###.#
#...###....
##.....#.#
#......#...
##......#
###........
######...####
###......
........Y##
###W..#
###....W@.#
##....#
#.....J.#
##...#.#
#._.##..##
####...####
#...#
##..####....###
#...#
##..........#
#..#
#....####...#
..# ###...##
##..# .#
##...<..# #..#
####.......#
##.#


You could see a phantom, an ice beast and an endoplasm.

Vanquished Creatures
  A vampire bat (D:3)
  An iguana (D:4)
  2 orc wizards (D:3)
  3 adders
  A white imp (D:4)
  4 orcs
  5 ball pythons
  3 bat skeletons (D:3)
  3 bat zombies (D:3)
  An endoplasm (D:4)
  A giant cockroach (D:2)
  4 goblins
  A kobold (D:4)
  2 quokkas
  A bat (D:1)
  A frilled lizard (D:1)
  4 rats
38 creatures vanquished.

Notes
Turn   | Place    | Note
-------+----------+-------------------------------------------
     0 | D:1      | Spectrina the Vampire Warper began the quest for the Orb.
     0 | D:1      | Reached XP level 1. HP: 16/16 MP: 3/3
   126 | D:2      | Reached XP level 2. HP: 15/22 MP: 5/5
   129 | D:2      | Reached skill level 3 in Long Blades
   191 | D:3      | Found a shimmering altar of Xom.
   199 | D:3      | Became a worshipper of Xom of Chaos
   208 | D:3      | Found an opulent altar of Gozag.
   229 | D:3      | XOM: silly message
   272 | D:3      | XOM: silly message
   288 | D:3      | XOM: potion effect (curing)
   300 | D:3      | Gained mutation: You are afflicted with vampirism and can
                  | become a bat while bloodless. [Vampire growth]
   300 | D:3      | Reached XP level 3. HP: 26/27 MP: 6/6
   307 | D:3      | Found an ancient bone altar of Kikubaaqudgha.
   321 | D:3      | XOM: silly message
   335 | D:3      | Reached skill level 4 in Long Blades
   335 | D:3      | Reached XP level 4. HP: 22/33 MP: 7/7
   482 | D:5      | Entered Level 5 of the Dungeon
   482 | D:5      | Noticed Blork the orc
   482 | D:5      | Noticed an ogre
   499 | D:4      | Noticed a phantom
   513 | D:4      | XOM: potion effect (heal wounds)
   571 | D:3      | XOM: potion effect (curing)
   575 | D:3      | Reached skill level 5 in Long Blades
   578 | D:3      | Reached XP level 5. HP: 17/30 MP: 8/8
   596 | D:4      | Found a staircase to the Ecumenical Temple.
   715 | D:4      | Found a broken altar of Ashenzari.
   752 | D:4      | XOM: silly message
   824 | D:4      | XOM: enchant monster (bad)
   825 | D:4      | XOM: smoke on damage
   931 | D:4      | Found an iron altar of Okawaru.
   931 | D:4      | Noticed an ice beast
   939 | D:4      | XOM: confuse monster(s)
   948 | D:4      | XOM: scenery: create altars
   952 | D:4      | Slain by an ice beast

Illustrated notes

Levels and vault maps discovered:
D:1:      wander_arrival_fairy_ring, layout_loops_ring
D:2:      layout_rooms, hellmonk_ecumenical_altar_crossroads,
          minmay_misc_feat_columns
D:3:      layout_loops_cross, grunt_gozag_breadcrumbs,
          brannock_xom_greatest_gift, kennysheep_vampire_church, minmay_cut_off
D:4:      minmay_general_purpose_star, layout_layer_cave,
          mainiacjoe_overflow_chevrons, mainiacjoe_overflow_alcove_2,
          minmay_temple_entry_arrows
D:5:      layout_cave_pools, lemuel_coloured_pillars_altar,
          nicolae_yredelemnul_ghost_church, gammafunk_ghost_cemetery,
          uniq_blork_the_orc, uniq_edmund, uniq_pikel

Skill      XL: |  1  2  3  4 |
---------------+-------------+-----
Long Blades    | 3 4 5 |  5.7
Fighting       | |  1.7
Throwing       | |  0.7
Armour         | |  0.7
Dodging        | |  2.1
Spellcasting   | |  2.0
Translocations | |  2.4

Action                   |  1- 3 |  4- 6 || total
-------------------------+-------+-------++-------
Melee: Falchion          |    56 |    87 ||   143
       Bite              |     5 |    10 ||    15
       Unarmed           |       |     1 ||     1
Throw: Boomerang         |       |     6 ||     6
 Abil: Exsanguinate      |       |     1 ||     1
       Revivify          |       |     1 ||     1
  Use: Potion            |       |     1 ||     1
       Scroll            |       |     1 ||     1
 Stab: Sleeping          |       |     1 ||     1
       Confused          |       |     2 ||     2
Armor: Leather armour    |    36 |    25 ||    61
       Skin              |       |     2 ||     2
Dodge: Dodged            |    73 |    34 ||   107
Block: Buckler           |       |     8 ||     8
       Rpst.: Falchion   |    29 |    12 ||    41
